 Dungeon Crawl Stone Soup version 0.25.1-8-g42b30a86e7 (webtiles) character file.

Game seed: 1750191280365402083

1400 Garenzo the Skirmisher (level 8, -4/53 HPs)
             Began as a Gargoyle Gladiator on Dec 21, 2020.
             Was a Follower of Cheibriados.
             Killed by divine providence
             ... invoked by an orc priest
              (14 damage)
             ... on level 7 of the Dungeon.
             The game lasted 00:22:53 (6323 turns).

Garenzo the Skirmisher (Gargoyle Gladiator)         Turns: 6323, Time: 00:22:53

Health: -4/53      AC: 21    Str: 21    XL:     8   Next: 69%
Magic:  4/8        EV:  9    Int: 13    God:    Cheibriados [*.....]
Gold:   133        SH:  0    Dex: 15    Spells: 7/7 levels left

rFire    . . .     SeeInvis .   D - +2 morningstar (holy)
rCold    . . .     Gourm    .   (no shield)
rNeg     + . .     Faith    .   x - +4 chain mail {MR+}
rPois    ∞         Spirit   .   i - +2 hat
rElec    +         Reflect  .   (no cloak)
rCorr    .         Harm     .   (no gloves)
MR       +....                  (no boots)
Stlth    ..........             (no amulet)
HPRegen  0.17/turn              (no ring)
MPRegen  0.11/turn              (no ring)

@: marked, very slow
A: negative energy resistance 1, electricity resistance, unbreathing,
petrification resistance, rot immunity, AC +5
a: Bend Time, Renounce Religion


You were on level 7 of the Dungeon.
You worshipped Cheibriados.
Cheibriados was aware of your devotion.
You were not hungry.

You visited 2 branches of the dungeon, and saw 8 of its levels.

You collected 320 gold pieces.
You spent 187 gold pieces at shops.

Inventory:

Hand Weapons
 a - a +0 flail
 A - a +0 trident of venom
 D - a +2 morningstar of holy wrath (weapon)
 E - a +2 hunting sling of freezing
Missiles
 d - 3 throwing nets (quivered)
 j - 22 sling bullets
Armour
 i - a +2 hat (worn)
 x - a +4 chain mail of magic resistance (worn)
Jewellery
 p - an uncursed amulet of the acrobat {unknown}
 s - an uncursed ring of wizardry {unknown}
 u - an uncursed ring of see invisible {unknown}
 w - an uncursed ring of flight {unknown}
Wands
 n - a wand of iceblast (9)
Scrolls
 g - 2 scrolls of amnesia
 k - 4 scrolls of remove curse
 m - 4 scrolls of identify
 q - a scroll of immolation
 v - a scroll of noise
 y - 2 scrolls of magic mapping {unknown}
Potions
 h - a potion of lignification {unknown}
 o - a potion of haste
 B - a potion of might {unknown}
 C - a potion of invisibility {unknown}
Comestibles
 f - 12 rations


   Skills:
 * Level 7.2 Fighting
 * Level 4.8 Maces & Flails
 - Level 2.0 Throwing
 - Level 6.0 Armour
 - Level 2.5 Dodging
 - Level 5.0 Stealth


You had 7 spell levels left.
You didn't know any spells.
Your spell library contained the following spells:

 Spells                   Type           Power        Failure   Level  Hunger
 Magic Dart               Conj           #...         94%         1    ##.....
 Blink                    Tloc           N/A          98%         2    ###....
 Call Imp                 Summ           #.......     98%         2    ###....
 Slow                     Hex            #.......     98%         2    ###....
 Conjure Flame            Conj/Fire      #.......     100%        3    ####...
 Mephitic Cloud           Conj/Pois/Air  #.......     100%        3    ####...


Dungeon Overview and Level Annotations

Branches:
Dungeon (8/15)             Temple (1/1) D:4
   Lair: D:8-11

Altars:
Ashenzari
Cheibriados
Dithmenos
Gozag
Hepliaklqana
Kikubaaqudgha
Okawaru
Qazlal
Ru
Sif Muna
Trog
Uskayaw
Vehumet
Wu Jian
Xom
Yredelemnul
Zin

Shops:
D:5 [

Annotations:
D:5 Dowan
D:8 Harold


Innate Abilities, Weirdness & Mutations

You are resistant to torment.
Your stone body is resilient. (AC +5)
You are immune to poison.
You resist negative energy. (rN+)
You are resistant to electric shocks. (rElec)
You can survive without breathing.
You are immune to petrification.
You are immune to rotting.


Message History

Deactivating autopickup; reactivate with Ctrl-A.
A sky beast appears from thin air!
Reactivating autopickup.
The sky beast hits you but does no damage.
A howler monkey comes into view.
The flow of time bends around you.
The ogre resists with some effort.
Cheibriados rebukes the sky beast.
The sky beast seems to slow down.
You feel slightly more hungry. The ogre barely misses you.
The sky beast hits you but does no damage.
The hound closely misses you. The hound bites you but does no damage.
The howler monkey hoots and howls with incredible vigour!
The hound bites you but does no damage.
You hear two shouts!
You hear a shout! x3; You hear an angry buzzing noise. x3
You hear a shout!
You hear an angry buzzing noise. x2
The ogre barely misses you. The hound bites you but does no damage.
The howler monkey hoots and howls with incredible vigour!
The orc priest calls down the wrath of Beogh upon you.
Beogh smites you!
You die...

## #. #### ##.###
#..## ###..@o###
#...##
.......OhSY###....##
#
.........#oY.o#....#
.
.........####Zh....##
. ...$.....#
###.....###.
.......... #.......oo
.......... #....###..
#.........#
#....###.o .......
##..###oo.


You could see 2 sky beasts, an ogre, a howler monkey (catching breath), a hound,
an orc priest, 2 orcs, a ball python and a howler monkey skeleton.

Vanquished Creatures
  Grinder (D:3)
  Duvessa (D:5)
  3 ogres
  A scorpion (D:4)
  2 howler monkeys
  A crimson imp (D:8)
  A hound (D:8)
  An orc priest (D:4)
  An iguana (D:4)
  Ijyb (D:3)
  2 worker ants
  4 orc wizards
  A killer bee zombie (D:5)
  9 gnolls
  11 adders
  An ooze (D:1)
  An adder skeleton (D:5)
  An adder zombie (D:5)
  6 worms
  5 dart slugs
  3 leopard geckos
  25 orcs
  10 bats
  9 giant cockroaches
  28 goblins
  13 hobgoblins
  8 jackals
  13 kobolds
  2 quokkas (D:4)
  4 frilled lizards
  8 rats
177 creatures vanquished.

Notes
Turn   | Place    | Note
-------+----------+-------------------------------------------
     0 | D:1      | Garenzo the Gargoyle Gladiator began the quest for the Orb.
     0 | D:1      | Reached XP level 1. HP: 12/12 MP: 1/1
    39 | D:1      | Reached XP level 2. HP: 14/18 MP: 2/2
   354 | D:1      | Reached skill level 3 in Fighting
   376 | D:1      | Reached XP level 3. HP: 20/23 MP: 3/3
  1002 | D:1      | Reached skill level 4 in Fighting
  1167 | D:2      | Reached XP level 4. HP: 29/29 MP: 4/4
  1172 | D:2      | Reached skill level 1 in Stealth
  1458 | D:2      | Noticed an ogre
  1509 | D:2      | Killed an ogre
  1509 | D:2      | Reached XP level 5. HP: 5/33 MP: 5/5
  1872 | D:3      | Reached skill level 5 in Stealth
  1872 | D:3      | Reached skill level 1 in Armour
  1872 | D:3      | Reached XP level 6. HP: 29/38 MP: 6/6
  2033 | D:3      | Noticed Ijyb
  2055 | D:3      | Killed Ijyb
  2311 | D:3      | Noticed Grinder
  2344 | D:3      | Paralysed by Grinder for 4 turns
  2350 | D:3      | Paralysed by Grinder for 2 turns
  3237 | D:3      | Killed Grinder
  3237 | D:3      | Reached skill level 5 in Armour
  3237 | D:3      | Reached XP level 7. HP: 30/43 MP: 7/7
  4019 | D:4      | Found a staircase to the Ecumenical Temple.
  4101 | Temple   | Entered the Ecumenical Temple
  4106 | Temple   | Became a worshipper of Cheibriados the Contemplative
  4513 | D:4      | Reached skill level 5 in Fighting
  4778 | D:4      | Reached XP level 8. HP: 41/50 MP: 8/8
  5069 | D:4      | Reached * piety under Cheibriados
  5095 | D:4      | Reached skill level 6 in Fighting
  5418 | D:5      | Entered Level 5 of the Dungeon
  5771 | D:5      | Found Lomiqiq's Antique Armour Shop.
  5786 | D:5      | Noticed Dowan
  5788 | D:5      | Noticed Duvessa
  5800 | D:5      | Killed Duvessa
  6043 | D:5      | Found a shadowy altar of Dithmenos.
  6099 | D:5      | Reached skill level 7 in Fighting
  6159 | D:5      | Bought a runed chain mail for 187 gold pieces
  6232 | D:5      | You fall into a shaft and drop 3 floors!
  6232 | D:8      | Found a sacrificial altar of Ru.
  6240 | D:8      | Reached ** piety under Cheibriados
  6248 | D:8      | Noticed Harold
  6323 | D:7      | Killed from afar by an orc priest

Illustrated notes

Levels and vault maps discovered:
D:1:      lemuel_arrival_room, layout_basic, minmay_worlds_worst_comb
D:2:      minmay_inner_zag, layout_rooms, first_ration
D:3:      kennysheep_goblin_castle, layout_basic, mrwooster_statue_mirror,
          uniq_grinder
D:4:      corexii_shantytown, layout_basic, minmay_temple_entry_enclosed_plants,
          kennysheep_cross_bottleneck
D:5:      kennysheep_big_flooded_room, layout_basic,
          nicolae_dithmenos_shadow_blocks, serial_shops, shop, uniq_duvessa
D:7:      layout_cave_pods, grunt_ogre_cave, st_stairs_11
D:8:      gammafunk_sealed_arena, layout_basic, basic_altar, minmay_liquid_box,
          minmay_strange_pillars, uniq_psyche, uniq_harold
Temple:   dpeg_three_leaves_temple

Skill      XL: |  1  2  3  4  5  6  7  8 |
---------------+-------------------------+-----
Throwing       | 2 |  2.0
Fighting       | 3 4 5 7 |  7.2
Stealth        | 4 5 |  5.0
Armour         | 1 5 6 |  6.0
Maces & Flails | 4 |  4.8
Dodging        | |  2.5

Action                   |  1- 3 |  4- 6 |  7- 9 || total
-------------------------+-------+-------+-------++-------
Melee: Flail             |   108 |   271 |   214 ||   593
       Morningstar       |       |       |    94 ||    94
 Fire: Hunting sling     |       |       |     7 ||     7
Throw: Throwing net      |       |     3 |     2 ||     5
Invok: Bend Time         |       |       |     4 ||     4
  Use: Potion            |       |     3 |     5 ||     8
       Scroll            |       |     1 |    11 ||    12
 Stab: Sleeping          |       |     1 |       ||     1
  Eat: Chunk             |     1 |     7 |     9 ||    17
Armor: Leather armour    |    68 |    88 |       ||   156
       Chain mail        |       |   151 |   311 ||   462
Dodge: Dodged            |   100 |   256 |   200 ||   556
